 Dungeon Crawl Stone Soup version bcrawl-1.21 (webtiles) character file.

Game seed: 15390019346284069405

96810 MisterOstroum the Warrior (level 15, -3/144 HPs)
             Began as a Minotaur Sloth Apostle on Feb 15, 2020.
             Was a High Priest of Cheibriados.
             Slain by a nagaraja
             ... wielding a +0 flail
              (5 damage)
             ... on level 3 of the Snake Pit.
             The game lasted 00:25:35 (24732 turns).

MisterOstroum the Warrior (Minotaur Sloth Apostle) Turns: 24732, Time: 00:25:36

Health: -3/144     AC: 23    Str: 45    XL:     15   Next: 70%
Magic:  13/21      EV: 19    Int: 21    God:    Cheibriados [*****.]
Gold:   2821       SH: 16    Dex: 26    Spells: 15/16 levels left

rFire    + . .     SeeInvis .   f - +2 broad axe (freeze)
rCold    + . .     Gourm    .   c - +0 shield
rNeg     . . .     Faith    .   w - +0 gold dragon scales
rPois    +         Spirit   .   (helmet restricted)
rElec    .         Reflect  .   J - +2 cloak
rCorr    .         Harm     .   s - +0 pair of gloves
MR       ++...                  (no boots)
Stlth    ..........             (no amulet)
HPRegen  0.34/turn              H - ring of protection from magic
MPRegen  0.17/turn              a - +4 ring of strength

@: mighty, agile, constricted, very slow
A: retaliatory headbutt, horns 2
a: Bend Time, Temporal Distortion, Slouch, Step From Time, Renounce Religion


You were on level 3 of the Snake Pit.
You worshipped Cheibriados.
Cheibriados was extremely pleased with you.
You were not hungry.

You visited 4 branches of the dungeon, and saw 22 of its levels.
You also visited: Sewer.

You collected 3007 gold pieces.
You spent 186 gold pieces at shops.

Inventory:

Hand Weapons
 b - a +0 broad axe
 f - a +2 broad axe of freezing (weapon)
Missiles
 N - 2 throwing nets (quivered) {!f!f}
Armour
 c - a +0 shield (worn)
 s - a +0 pair of gloves (worn)
 w - +0 gold dragon scales (worn)
 J - a +2 cloak (worn)
Jewellery
 a - a +4 ring of strength (right hand)
 y - an uncursed ring of insulation
 A - an uncursed ring of see invisible
 B - an uncursed ring of fire
 H - a ring of protection from magic (left hand)
 I - an uncursed ring of positive energy
 O - a +3 ring of protection
Wands
 d - a wand of paralysis (38)
 m - a wand of clouds (6)
 C - a wand of random effects (29)
 F - a wand of disintegration (35)
 L - a wand of polymorph (11)
Scrolls
 g - 12 scrolls of remove curse {@r2}
 i - a scroll of noise {unknown}
 j - 9 scrolls of amnesia
 k - 2 scrolls of immolation
 l - 7 scrolls of identify {@r1}
 p - 7 scrolls of teleportation {@r3 !r}
 q - 3 scrolls of magic mapping
 r - 2 scrolls of vulnerability
 v - a scroll of fog {unknown}
 x - a scroll of enchant weapon
 z - 4 scrolls of fear {!r}
 Q - a scroll of silence {unknown}
 R - 3 scrolls of blinking {@r4}
 V - 2 scrolls of enchant armour {unknown}
 X - a scroll of summoning
 Y - a scroll of acquirement {unknown}
Potions
 h - 3 potions of agility
 o - 11 potions of curing {@q1 !q}
 t - 3 potions of heal wounds {@q2 !q}
 u - 4 potions of might {@q3 !q}
 D - 3 potions of mutation
 E - 3 potions of magic
 K - 3 potions of flight
 S - 3 potions of cancellation
 T - 3 potions of brilliance
 W - a potion of invisibility
Comestibles
 e - 36 rations {!d}
 n - a chunk of flesh


   Skills:
 * Level 16.1 Fighting
 * Level 16.1 Axes
 + Level 11.6 Armour
 + Level 10.8 Dodging
 - Level 2.6 Stealth
 + Level 11.9 Shields
 - Level 1.0 Spellcasting
 - Level 0.5 Hexes
 + Level 9.9 Invocations
 - Level 6.6 Evocations


You had 15 spell levels left.
You knew the following spells:

 Your Spells              Type           Power        Failure   Level  Hunger
a - Slow                  Hex            #.......     85%         1    ##.....

Your spell library contained the following spells:

 Spells                   Type           Power        Failure   Level  Hunger
 Animate Skeleton         Necr           N/A          89%         1    ##.....
 Magic Dart               Conj           #...         89%         1    ##.....
 Pain                     Necr           #.....       89%         1    ##.....
 Summon Small Mammal      Summ           #...         89%         1    ##.....
 Call Imp                 Summ           #.....       96%         2    ###....
 Searing Ray              Conj           #.......     96%         2    ###....
 Call Canine Familiar     Summ           #.......     99%         3    ####...
 Confuse                  Hex            #.......     99%         3    ####...
 Dazzling Spray           Conj/Hex       #.....       99%         3    ####...
 Iskenderun's Mystic Bla  Conj           #.......     99%         3    ####...
 Regeneration             Chrm/Necr      #.........   99%         3    ####...
 Vampiric Draining        Necr           #.........   99%         3    ####...
 Animate Dead             Necr           N/A          100%        4    #####..
 Fulminant Prism          Conj/Hex       #.........   100%        4    #####..
 Petrify                  Tmut/Erth      #.......     100%        4    #####..
 Summon Ice Beast         Ice/Summ       #.......     100%        4    #####..
 Yara's Violent Unravell  Hex/Tmut       #.........   100%        4    #####..
 Bolt of Draining         Conj/Necr      #.........   100%        5    ######.
 Irradiate                Conj/Tmut      #.........   100%        5    ######.
 Metabolic Englaciation   Hex/Ice        #.........   100%        5    ######.
 Summon Lightning Spire   Summ/Air       #.......     100%        5    ######.
 Mana Rupture             Conj/Hex       #.........   100%        7    #######


Dungeon Overview and Level Annotations

Branches:
Dungeon (12/12)            Temple (0/1) D:6            Lair (6/6) D:7
 Shoals (0/3) Lair:4        Snake (3/3) Lair:3        Slime (0/5) Lair:6
    Orc (1/1) D:10            Elf (0/3) Orc          Vaults (0/3) D:12
 Depths (0/5) D:12

Altars:
Cheibriados
Dithmenos
Elyvilon
Gozag
Hepliaklqana
Lugonu
Makhleb
Nemelex Xobeh
Qazlal
Ru
Sif Muna
Trog
Uskayaw
Vehumet
Wu Jian
Zin
Beogh
Jiyva

Shops:
D:6 :%=(:   D:8 %(:[*   Orc [[((*

Annotations:
D:12 Roxanne
Lair:1 2 transporters, yrara's ghost, novice DsFi
Snake:3 Vashnia


Innate Abilities, Weirdness & Mutations

You reflexively headbutt those who attack you in melee.
You have a pair of horns on your head.


Message History

The black mamba bites you but does no damage.
The guardian serpent coils itself and performs some mystic snake dance.
The naga blinks! x2
The naga spits poison at you. The splash of poison hits you! You resist.
The naga sharpshooter unwields a +0 mace.
The naga sharpshooter wields a -1 arbalest.
The naga sharpshooter mumbles some strange words.
The naga sharpshooter magically shoots a bolt.
You block the bolt. The naga barely misses you. You furiously retaliate!
You headbutt the naga, but do no damage.
You block the naga warrior's attack.
* * * LOW HITPOINT WARNING * * *
The naga warrior constricts you.
Really quaff
t - 4 potions of heal wounds {@q2 !q}?
You feel much better.
You feel very sick. The black mamba barely misses you.
The naga sharpshooter unwields a +0 long sword.
The naga sharpshooter wields a +0 arbalest.
The naga sharpshooter mumbles some strange words.
The naga sharpshooter magically shoots a bolt.
You block the bolt.
The naga sharpshooter gestures wildly while chanting.
The naga sharpshooter magically shoots an arrow.
The arrow hits you.
* * * LOW HITPOINT WARNING * * *
You block the naga's attack.
The nagaraja mumbles some strange words.
The nagaraja seems to speed up.
The naga spits poison at you. You block the splash of poison.
The black mamba bites you but does no damage.
The naga barely misses you.
The naga sharpshooter mumbles some strange words.
The naga sharpshooter magically shoots a bolt.
The bolt hits you!
* * * LOW HITPOINT WARNING * * *
You hear a shout!
You slash the naga! You freeze the naga. Your headbutt misses the naga.
The naga is severely wounded.
You hit the naga warrior but do no damage.
You closely miss the naga. You hit the naga but do no damage.
You slash the black mamba! You freeze the black mamba.
You carve the naga like a ham!!! You freeze the naga.
You kill the naga!
Cheibriados appreciates the change of pace.
You slice the naga sharpshooter like a ripe choko!!!
You freeze the naga sharpshooter!!
You kill the naga sharpshooter!
Cheibriados appreciates the change of pace.
* * * LOW HITPOINT WARNING * * *
You feel sick. You block the black mamba's attack.
The naga warrior hits you but does no damage.
The naga warrior constricts you. You block the naga's attack.
The naga misses you.
The guardian serpent casts a spell.
The naga completely misses you.
You closely miss the naga. You headbutt the naga.
The naga is almost dead.
You hit the naga warrior. You freeze the naga warrior. You slash the naga!
You freeze the naga. You slice the naga!! You freeze the naga!
You kill the naga!
Cheibriados appreciates the change of pace.
Your shield and gold dragon scales prevent you from hitting the black mamba.
You miss the guardian serpent. You hit the shock serpent.
You freeze the shock serpent.
The shock serpent's electric aura discharges, shocking you!
* * * LOW HITPOINT WARNING * * *
x2 You feel sick.
The black mamba bites you!
* * * LOW HITPOINT WARNING * * *
You are more poisoned.
The black mamba poisons you! You block the shock serpent's attack.
The naga sharpshooter casts a spell.
The naga sharpshooter magically shoots a bolt.
The bolt hits you.
* * * LOW HITPOINT WARNING * * *
You block the nagaraja's attack. The naga warrior barely misses you.
You furiously retaliate!
You headbutt the naga warrior. The naga warrior constricts you.
You block the guardian serpent's attack.
The black mamba bites you but does no damage.
The naga closely misses you. You furiously retaliate!
You headbutt the naga, but do no damage.
You hear a shout!
Really quaff
o - 12 potions of curing {@q1 !q}?
You feel better. You block the shock serpent's attack.
The black mamba bites you but does no damage.
You block the naga's attack.
The guardian serpent hits you but does no damage.
You block the naga's attack.
Vashnia unwields a +0 scimitar of venom.
It stops dripping with poison.
Vashnia wields a +3 arbalest.
Vashnia gestures wildly while chanting.
Vashnia magically shoots a bolt.
The bolt hits you!!
* * * LOW HITPOINT WARNING * * *
The naga sharpshooter gestures wildly while chanting.
The naga sharpshooter magically shoots a bolt.
The bolt hits you but does no damage. The nagaraja hits you with a +0 flail.
You die...

...................(##.,,**,,,,,,
,,,,,,.............##...,,,,,,,,,
,,,,,.............##....,,,,,,,,,
,,,,,............##.NN.,**,,,,,,,
,,,,,...........##...#*,,**,,,,,,
,,,,...........##.NN#*,,,,**,,,,*
,,,..<.........#).N#*,,,,,,**,,**
........N....#.SSS#*,,,,,,,,**,,,
............[#SN@N#*,,,,,,,,**,,,
............(.S#NN.#*,,,,,,**,,**
............[[.##NNN#*,,,,**,,,,*
N............)..##...#*,,**,,,,,,
.................##....,**,,,,,,,
..................##..NN,,,,,,,,,
.......##..........##...,,,,,,,,,
.......<............##..,**,,,,,,
.....................**,,,**,,,,,


You could see Vashnia, a naga warrior, 3 nagarajas, 2 naga sharpshooters, a naga
ritualist, 2 shock serpents, a mana viper, a guardian serpent, a black mamba and
6 nagas.

Vanquished Creatures
  Kirke (Lair:5)
  A nagaraja (Snake:3)
  2 orc warlords (Orc)
  Erolcha (D:11)
  An ogre mage (D:12)
  Harold (D:9)
  A fire dragon (D:7)
  4 naga warriors
  Psyche (D:8)
  4 hydras
  2 centaur warriors
  7 two-headed ogres
  2 naga sharpshooters (Snake:3)
  Urug (D:12)
  2 shock serpents
  2 deep elf knights (D:11)
  A salamander mystic (Snake:3)
  4 unseen horrors
  A deep elf archer (D:11)
  A glowing orange brain (D:10)
  A naga ritualist (Snake:3)
  2 wizards (D:12)
  2 cyclopes
  A necromancer (D:12)
  2 orc knights (Orc)
  3 orc sorcerers
  2 deep elf magi
  A wolf spider (D:11)
  3 mana vipers
  3 manticores
  2 merfolk sirens (Lair:4)
  6 salamanders (Snake:3)
  Maurice (D:8)
  9 elephants
  16 black mambas
  Joseph (D:8)
  6 naga magi
  2 guardian serpents (Snake:3)
  A torpor snail (Lair:4)
  15 cane toads
  A gargoyle (D:10)
  3 rime drakes
  8 komodo dragons
  A kobold demonologist (D:10)
  An efreet (D:10)
  8 trolls
  3 tyrant leeches (Lair:6)
  2 merfolk (Lair:4)
  3 meliai (D:12)
  7 slime creatures
  A hornet (shapeshifter) (D:10)
  19 blink frogs
  3 dream sheep (Lair:4)
  A blink frog (shapeshifter) (D:11)
  8 hippogriffs
  3 spriggans (Lair:2)
  A wraith (D:12)
  3 wyverns
  A fire elemental (Lair:4)
  2 basilisks
  3 fire bats (Lair:4)
  Grum (D:8)
  6 hogs (Lair:5)
  2 hungry ghosts
  8 vampire mosquitoes
  48 yaks
  22 nagas
  3 wargs
  11 water moccasins
  12 porcupines
  7 crocodiles
  25 orc warriors
  5 sky beasts
  A phantom (D:5)
  4 ice beasts
  2 necrophages
  7 ogres
  8 wolves
  2 centaurs (D:7)
  A big kobold (D:8)
  22 bullfrogs
  A wyvern zombie (D:7)
  A wyvern skeleton (D:8)
  2 scorpions
  6 killer bees (D:7)
  3 electric eels
  A howler monkey (D:5)
  7 crimson imps
  4 centaur zombies
  A bullfrog zombie (D:5)
  A quasit (D:10)
  21 orc priests
  3 hounds
  26 orc wizards
  3 jellies
  4 centaur skeletons
  Jessica (D:3)
  2 iguanas
  7 worker ants
  Terence (D:3)
  A hound zombie (D:8)
  A hound skeleton (D:7)
  A howler monkey zombie (D:8)
  4 gnolls
  5 adders
  4 river rats
  3 shadow imps
  5 oozes
  2 adder zombies
  4 adder skeletons
  A worm (D:2)
  A dart slug (D:1)
  4 leopard geckos
  83 orcs
  4 giant cockroaches
  7 goblins
  2 hobgoblins
  14 jackals
  12 kobolds
  6 quokkas
  4 ball pythons
  5 bats (D:1)
  12 frilled lizards
  A jackal zombie (D:6)
  A quokka skeleton (D:4)
  22 rats
  A fire vortex (Lair:4)
  3 fungi
  A plant (Lair:5)
707 creatures vanquished.

Vanquished Creatures (others)
  A naga (Snake:3)
  A phantom (D:7)
  A big kobold (D:11)
  2 fungi (Lair:3)
  24 plants
29 creatures vanquished.

Grand Total: 736 creatures vanquished

Notes
Turn   | Place    | Note
-------+----------+-------------------------------------------
     0 | D:1      | MisterOstroum the Minotaur Sloth Apostle began the quest
                  | for the Orb.
     0 | D:1      | Reached XP level 1. HP: 18/18 MP: 1/1
   278 | D:1      | Reached XP level 2. HP: 16/25 MP: 2/2
   617 | D:1      | Reached XP level 3. HP: 30/31 MP: 3/3
  1115 | D:2      | Reached * piety under Cheibriados
  1115 | D:2      | Reached skill level 1 in Armour
  1343 | D:2      | Reached skill level 1 in Dodging
  1396 | D:2      | Found a bloodstained altar of Trog.
  2025 | D:3      | Found a faded altar of an unknown god.
  2136 | D:3      | Reached XP level 4. HP: 36/40 MP: 4/4
  2484 | D:3      | Noticed Jessica
  2491 | D:3      | Killed Jessica
  2509 | D:3      | Noticed Terence
  2515 | D:3      | Killed Terence
  2920 | D:4      | Reached ** piety under Cheibriados
  2920 | D:4      | Reached XP level 5. HP: 36/46 MP: 5/5
  3489 | D:5      | Entered Level 5 of the Dungeon
  3673 | D:5      | Reached XP level 6. HP: 41/53 MP: 6/6
  3869 | D:5      | Reached skill level 1 in Invocations
  3954 | D:5      | Reached skill level 5 in Fighting
  4007 | D:5      | Reached skill level 5 in Axes
  4220 | D:5      | Found a burning altar of Makhleb.
  4295 | D:6      | Found Ceefif's Book Shoppe.
  4303 | D:6      | Found Hihugh's Food Shoppe.
  4312 | D:6      | Reached XP level 7. HP: 42/61 MP: 7/7
  4441 | D:6      | Reached *** piety under Cheibriados
  4459 | D:6      | Found a staircase to the Ecumenical Temple.
  4712 | D:6      | Found Cixaen's Book Emporium.
  4760 | D:6      | Found a glowing drain.
  4774 | Sewer    | Entered a sewer
  4915 | Sewer    | Reached **** piety under Cheibriados
  5159 | D:6      | Found a white marble altar of Elyvilon.
  5160 | D:6      | Found a glowing silver altar of Zin.
  5160 | D:6      | Found a sparkling altar of Nemelex Xobeh.
  5162 | D:6      | Found a sacrificial altar of Ru.
  5166 | D:6      | Found Gyuzi's Jewellery Emporium.
  5230 | D:6      | Reached XP level 8. HP: 64/70 MP: 8/8
  5605 | D:6      | Found a radiant altar of Vehumet.
  5765 | D:6      | Found Caokiuh's Antique Weapon Shoppe.
  5918 | D:7      | Found a staircase to the Lair.
  5918 | D:7      | Noticed a fire dragon
  6325 | D:7      | Reached skill level 5 in Shields
  6483 | D:7      | Reached XP level 9. HP: 48/80 MP: 6/10
  6611 | D:7      | Killed a fire dragon
  6611 | D:7      | Reached skill level 5 in Armour
  6612 | D:7      | HP: 3/82 [centaur/arrow (13)]
  6629 | D:7      | Found a hazy altar of Hepliaklqana.
  6868 | D:7      | Found an ornate altar of the Wu Jian Council.
  7108 | D:7      | Reached skill level 5 in Dodging
  7212 | D:7      | Found a hide-covered altar of Uskayaw.
  7336 | D:7      | Found a stormy altar of Qazlal.
  7388 | D:7      | Found a corrupted altar of Lugonu.
  7939 | D:7      | Reached XP level 10. HP: 91/91 MP: 12/12
  7976 | D:8      | Found Boics's Food Boutique.
  8053 | D:8      | Noticed Maurice
  8057 | D:8      | Found Qosusar's Book Boutique.
  8063 | D:8      | Killed Maurice
  8063 | D:8      | Reached skill level 1 in Evocations
  8077 | D:8      | Noticed Grum
  8088 | D:8      | Killed Grum
  8205 | D:8      | Found Foejimo's General Store.
  8271 | D:8      | Noticed Joseph
  8495 | D:8      | Found a shadowy altar of Dithmenos.
  8513 | D:8      | Reached skill level 5 in Invocations
  8518 | D:8      | Reached skill level 10 in Fighting
  8757 | D:8      | Reached skill level 10 in Axes
  8778 | D:8      | Reached ***** piety under Cheibriados
  8869 | D:8      | Found Pissures's Armour Emporium.
  8921 | D:8      | Found a shimmering blue altar of Sif Muna.
  9037 | D:8      | Noticed Psyche
  9050 | D:8      | Killed Psyche
  9050 | D:8      | Reached XP level 11. HP: 84/101 MP: 12/14
  9259 | D:8      | Found Zunas's Weapon Shoppe.
  9388 | D:9      | Noticed Harold
  9408 | D:9      | Killed Harold
  9638 | D:9      | Noticed an unseen horror
  9644 | D:9      | Killed an unseen horror
  9677 | D:9      | Noticed an unseen horror
  9698 | D:9      | Killed an unseen horror
  9885 | D:9      | Found an opulent altar of Gozag.
 10011 | D:9      | Found a snail-covered altar of Cheibriados.
 10389 | Lair:1   | Entered Level 1 of the Lair of Beasts
 10401 | Lair:1   | Found a transporter.
 10401 | Lair:1   | Noticed yrara's ghost (novice DsFi)
 10427 | Lair:1   | Found a transporter.
 11789 | Lair:2   | Reached XP level 12. HP: 87/111 MP: 15/15
 12195 | Lair:3   | Found a staircase to the Snake Pit.
 12387 | Lair:3   | Noticed a seven-headed hydra
 12399 | Lair:3   | Killed a seven-headed hydra
 13419 | Lair:4   | Noticed a seven-headed hydra
 13433 | Lair:4   | Killed a 12-headed hydra
 13622 | Lair:4   | Found a staircase to the Shoals.
 13871 | Lair:4   | Reached skill level 5 in Evocations
 14230 | Lair:4   | Reached XP level 13. HP: 119/119 MP: 17/17
 15146 | Lair:5   | Noticed Kirke
 15156 | Lair:5   | Reached ****** piety under Cheibriados
 15158 | Lair:5   | Noticed a sphinx
 15165 | Lair:5   | Killed Kirke
 15456 | Lair:6   | Entered Level 6 of the Lair of Beasts
 15493 | Lair:6   | Reached skill level 10 in Shields
 15898 | Lair:6   | Found a staircase to the Slime Pits.
 16021 | Lair:6   | Found a viscous altar of Jiyva.
 16424 | Lair:6   | Reached skill level 10 in Armour
 16887 | Lair:6   | Reached XP level 14. HP: 132/132 MP: 19/19
 17423 | Lair:6   | Found the +5 robe of Misfortune {Harm *Corrode *Slow EV+5}
 17671 | D:10     | Entered Level 10 of the Dungeon
 17918 | D:10     | Got a brightly glowing trident
 18330 | D:10     | Found a staircase to the Orcish Mines.
 18763 | D:11     | Found an opulent altar of Gozag.
 19447 | D:11     | Got a smoking falchion
 19632 | D:11     | Noticed Erolcha
 19636 | D:11     | Killed Erolcha
 19664 | D:12     | Entered Level 12 of the Dungeon
 19798 | D:12     | Found a staircase to the Depths.
 19860 | D:12     | Reached skill level 10 in Dodging
 20053 | D:12     | Reached skill level 15 in Fighting
 20053 | D:12     | Reached skill level 15 in Axes
 20211 | D:12     | Noticed Roxanne
 20281 | D:12     | Noticed Urug
 20299 | D:12     | Killed Urug
 20794 | D:12     | Found a gate to the Vaults.
 21083 | Orc      | Entered the Orcish Mines
 21204 | Orc      | Found a roughly hewn altar of Beogh.
 21241 | Orc      | Found a roughly hewn altar of Beogh.
 21290 | Orc      | Found Qets's Armour Boutique.
 21493 | Orc      | Reached XP level 15. HP: 141/141 MP: 20/20
 21565 | Orc      | Found a staircase to the Elven Halls.
 21772 | Orc      | Noticed an orc warlord
 21783 | Orc      | Killed an orc warlord
 22234 | Orc      | Found Benwutt's Weapon Emporium.
 22265 | Orc      | Found a roughly hewn altar of Beogh.
 22346 | Orc      | Noticed an orc warlord
 22355 | Orc      | Killed an orc warlord
 22534 | Orc      | Found Zeregeiv's Antique Armour Boutique.
 22534 | Orc      | Found a roughly hewn altar of Beogh.
 22536 | Orc      | Found Roxul's Antique Weapon Shop.
 22644 | Orc      | Found a roughly hewn altar of Beogh.
 22661 | Orc      | Found Yteabrufo's General Store.
 22669 | Orc      | Bought a potion of curing for 48 gold pieces
 22669 | Orc      | Bought a potion of curing for 48 gold pieces
 22866 | D:8      | Killed Joseph
 22869 | D:8      | Bought a scroll of teleportation for 45 gold pieces
 22869 | D:8      | Bought a scroll of teleportation for 45 gold pieces
 23036 | Snake:1  | Entered Level 1 of the Snake Pit
 23750 | Snake:3  | Entered Level 3 of the Snake Pit
 23767 | Snake:3  | Noticed a nagaraja
 23778 | Snake:3  | Killed a nagaraja
 24724 | Snake:3  | Noticed Vashnia
 24724 | Snake:3  | Noticed a nagaraja
 24726 | Snake:3  | Noticed a nagaraja
 24726 | Snake:3  | Noticed a nagaraja
 24732 | Snake:3  | HP: 2/144 [Vashnia/bolt (22)]
 24732 | Snake:3  | Slain by a nagaraja

Skill      XL: |  1  2  3  4  5  6  7  8  9 10 11 12 13 14 15 |
---------------+----------------------------------------------+-----
Fighting       | 3 4 5 6 7 9 10 11 12 14 15 16 | 16.1
Axes           | 3 4 5 6 7 9 10 11 12 14 15 16 | 16.1
Armour         | 1 2 3 4 5 6 8 9 10 11 | 11.6
Dodging        | 1 2 3 4 5 6 7 8 9 10 | 10.8
Shields        | 3 4 5 6 7 8 9 10 11 | 11.9
Invocations    | 1 2 3 4 5 6 7 8 9 |  9.9
Evocations     | 2 4 5 6 |  6.6
Stealth        | |  2.6
Spellcasting   | |  1.0
Hexes          | |  0.5

Action                   |  1- 3 |  4- 6 |  7- 9 | 10-12 | 13-15 || total
-------------------------+-------+-------+-------+-------+-------++-------
Melee: Hand axe          |   150 |   115 |   181 |       |       ||   446
       Headbutt          |    19 |    19 |    57 |   165 |   287 ||   547
       War axe           |       |       |    29 |   464 |   494 ||   987
       Broad axe         |       |       |       |       |   290 ||   290
Throw: Stone             |     5 |   110 |    48 |   142 |   376 ||   681
       Throwing net      |       |       |       |     1 |       ||     1
Invok: Bend Time         |       |       |     3 |     1 |       ||     4
       Slouch            |       |       |     1 |     3 |    18 ||    22
       Temporal Distorti |       |       |     1 |     1 |     2 ||     4
Evoke: Wand              |     1 |       |     5 |     3 |     6 ||    15
  Use: Scroll            |       |       |    12 |     1 |     9 ||    22
       Potion            |       |       |     4 |       |     6 ||    10
 Stab: Paralysed         |     2 |       |     5 |       |     2 ||     9
       Sleeping          |     1 |       |     4 |       |       ||     5
       Distracted        |       |       |     1 |     1 |       ||     2
  Eat: Chunk             |     3 |     3 |     6 |    12 |    18 ||    42
       Ration            |       |       |       |       |     1 ||     1
Armor: Robe              |     6 |       |       |       |       ||     6
       Ring mail         |    55 |    27 |    54 |    13 |       ||   149
       Plate armour      |       |       |       |   154 |   129 ||   283
       Gold dragon scale |       |       |       |       |   203 ||   203
Dodge: Dodged            |    37 |    37 |   120 |   208 |   409 ||   811
Block: Shield            |    70 |    51 |   155 |   342 |   687 ||  1305
